 Dungeon Crawl Stone Soup version 0.29.0-4-gdea44cf6ec (webtiles) character file.

Game seed: 14758151822758489790

7 qw the Chopper (level 2, -2/24 HPs)
             Began as a Barachi Chaos Knight on Sept 4, 2022.
             Slain by an orange demon (3 damage)
             ... summoned by Xom
             ... on level 1 of the Dungeon.
             The game lasted 00:00:12 (639 turns).

qw the Chopper (Barachi Chaos Knight)                Turns: 639, Time: 00:00:12

Health: -2/24      AC:  5    Str: 13    XL:     2   Next: 4%
Magic:  2/2        EV: 11    Int: 12    God:
Gold:   27         SH:  0    Dex: 11    Spells: 1/1 levels left

rFire   . . .      SeeInvis .   a - +0 hand axe (chaos)
rCold   . . .      Faith    .   (no shield)
rNeg    . . .      Spirit   .   b - +2 leather armour
rPois   .          Reflect  .   (no helmet)
rElec   .          Harm     .   (no cloak)
rCorr   .          Rampage  .   (no gloves)
Will    .....                   (no boots)
Stlth   +.........              (no amulet)
HPRegen 0.08/turn               (no ring)
MPRegen 0.08/turn               (no ring)

@: slow
A: amphibious, slowness 1, strong legs 1, +LOS
a: Hop


You were on level 1 of the Dungeon.
You visited 1 branch of the dungeon, and saw 1 of its levels.

You collected 27 gold pieces.


Innate Abilities, Weirdness & Mutations

You are amphibious.
You cover ground slowly.
You can hop short distances.
You have an extended range of vision and can be seen from far away.


   Skills:
 - Level 3.6 Fighting
 + Level 3.9 Axes
 - Level 2.4 Armour
 - Level 1.1 Dodging


You had one spell level left.
You didn't know any spells.
Your spell library was empty.

Inventory:

Hand Weapons
 a - a +0 hand axe of chaos (weapon)
 d - a +0 mace
Armour
 b - a +2 leather armour (worn)
 i - a +0 ring mail
Jewellery
 j - a ring of fire
Scrolls
 f - 2 scrolls of identify {unknown}
 g - a scroll of teleportation {unknown}
 l - a scroll of blinking {unknown}
Potions
 e - a potion of lignification {unknown}
 h - a potion of curing {unknown}
 k - a potion of brilliance {unknown}
Miscellaneous
 c - a piece from Xom's chessboard (15/15)

Dungeon Overview and Level Annotations

Branches:
Dungeon (1/15)

Altars:


Message History

You hit the quokka but do no damage.
The quokka is poisoned.
The quokka is lightly wounded.
The quokka bites you but does no damage.
You hit the quokka. You freeze the quokka.
The quokka is moderately wounded.
The quokka barely misses you.
You catch the helpless quokka completely off-guard!
You hit the quokka.
You kill the quokka!
You have reached level 2!
You start resting. "Time to have some fun!"
A white imp comes into view.
You completely miss the orange demon. You barely miss the crimson imp.
You hit the crimson imp. You hit the crimson imp.
The crimson imp is moderately wounded.
You hit the crimson imp.
The crimson imp resists with almost no effort.
You hit the orange demon but do no damage.
The orange demon stings you. The orange demon hits you.
The crimson imp closely misses you.
You closely miss the crimson imp.
The crimson imp is moderately wounded.
You hit the orange demon.
The orange demon seems to speed up.
You hit the rust devil but do no damage.
The orange demon barely misses you. The orange demon closely misses you.
The crimson imp blinks!
You hit the orange demon. You burn the orange demon.
The orange demon is lightly wounded.
You completely miss the rust devil.
The orange demon stings you but does no damage.
The orange demon hits you! The orange demon stings you.
The orange demon misses you. The rust devil closely misses you.
You hit the orange demon but do no damage.
The orange demon is lightly wounded.
You hit the rust devil but do no damage.
You hit the crimson imp.
Space warps around the crimson imp.
The orange demon stings you.
You die...

## ### .# #.# #.. ###
.###.# #.# #...#
.....# ##
#.####...... ####.#
.. #.#45...5...
####.### #. #.#@#
#......# #.# #.#4##.#
#.##.#.#.#.###..55..#
#.##.#.#.#.......####
............######
#.###..#.##.#######
..###..#.##....>..#
.........##.......#
..##...####.......#


You could see an orange demon (summoned, fast), a rust devil (summoned) and 4
crimson imps.

Vanquished Creatures
  2 endoplasms (D:1)
  A giant cockroach (D:1)
  A hobgoblin (D:1)
  A quokka (D:1)
  A bat (D:1)
6 creatures vanquished.

Notes
Turn   | Place    | Note
-------+----------+-------------------------------------------
     0 | D:1      | qw the Barachi Chaos Knight began the quest for the Orb.
     0 | D:1      | Reached XP level 1. HP: 18/18 MP: 1/1
     0 | D:1      | 0 ||| qw: Version: 0.1-a-103-gd6f5d3a
     0 | D:1      | 0 ||| qw: Game counter: 5510
     0 | D:1      | 0 ||| qw: Always use a shield: true
     0 | D:1      | 0 ||| qw: God list: Okawaru
     0 | D:1      | 0 ||| qw: Allow faded altars: false
     0 | D:1      | 0 ||| qw: Do Orc after D:15 true
     0 | D:1      | 0 ||| qw: Do second Lair branch before Depths: true
     0 | D:1      | 0 ||| qw: Lair rune preference: random
     0 | D:1      | 0 ||| qw: Plans: Normal
     0 | D:1      | 0 ||| PLANNING D:1-11
     0 | D:1      | Fell from the grace of Xom
    81 | D:1      | Found a faded altar of an unknown god.
   602 | D:1      | Reached XP level 2. HP: 15/24 MP: 2/2
   634 | D:1      | XOM: summons 7 hostile demons
   635 | D:1      | Noticed a crimson imp
   635 | D:1      | Noticed an orange demon
   635 | D:1      | Noticed a crimson imp
   635 | D:1      | Noticed a crimson imp
   635 | D:1      | Noticed a rust devil
   635 | D:1      | Noticed a crimson imp
   638 | D:1      | HP: 3/24 [orange demon[Xom] (7)]
   638 | D:1      | HP: 1/24 [orange demon[Xom] (2)]
   639 | D:1      | Slain by an orange demon

Levels and vault maps discovered:
D:1:      dpeg_arrival_tiny_g, layout_loops_cross, ebering_ecumenical_altar_webs

Action                   || total
-------------------------++-------
Melee: Hand axe          ||    32
Invok: Renounce Religion ||     1
 Stab: Petrifying        ||     1
Armor: Leather armour    ||     8
Dodge: Dodged            ||    19

Table legend:
 A = Non-vault XP
 B = Vault XP
 C = Vault XP percentage of total XP
 D = Non-vault monster count
 E = Vault monster count
 F = Vault count percentage of total count
                 A         B        C        D         E       F
            +---------+---------+-------+---------+---------+-------
      Total |      11 |       0 |   0.0 |       6 |       0 |   0.0
            +---------+---------+-------+---------+---------+-------
        D:1 |      11 |       0 |   0.0 |       6 |       0 |   0.0
            +---------+---------+-------+---------+---------+-------
